 Dungeon Crawl Stone Soup version 0.27-a0-906-g0a00ce863d (webtiles) character file.

Game seed: 1506520854086752334

86 Alarkh the Insei (level 4, -8/35 HPs)
             Began as a Demonspawn Gladiator on Apr 7, 2021.
             Killed from afar by Sigmund (11 damage)
             ... with a puff of flame
             ... on level 3 of the Dungeon.
             The game lasted 00:02:36 (2033 turns).

Alarkh the Insei (Demonspawn Gladiator)             Turns: 2033, Time: 00:02:37

Health: -8/35      AC:  7    Str: 14    XL:     4   Next: 27%
Magic:  4/4        EV: 12    Int: 11    God:
Gold:   100        SH:  0    Dex: 16    Spells: 3/3 levels left

rFire    . . .     SeeInvis .     - Unarmed
rCold    . . .     Faith    .   (no shield)
rNeg     . . .     Spirit   .   a - +0 leather armour
rPois    .         Reflect  .   b - +0 helmet
rElec    .         Harm     .   h - +1 cloak
rCorr    .         Rampage  .   (no gloves)
Will     .....                  (no boots)
Stlth    +.........             (no amulet)
HPRegen  0.11/turn              (no ring)
MPRegen  0.09/turn              (no ring)

@: no status effects
A: powered by pain 1, sharp scales 1, agile 1, screaming 1
a: no special abilities


You were on level 3 of the Dungeon.
You visited 1 branch of the dungeon, and saw 3 of its levels.

You collected 100 gold pieces.

Inventory:

Missiles
 c - 3 throwing nets (quivered)
Armour
 a - a +0 leather armour (worn)
 b - a +0 helmet (worn)
 g - a +0 cloak
 h - a +1 cloak (worn)
Scrolls
 d - a scroll of brand weapon {unknown}
 f - a scroll of holy word {unknown}
 i - 2 scrolls of identify {unknown}
 j - a scroll of teleportation {unknown}
 k - a scroll of acquirement {unknown}
 n - a scroll of magic mapping {unknown}
Potions
 e - 2 potions of curing
 l - a potion of lignification


   Skills:
 + Level 3.0 Fighting
 - Level 1.7 Throwing
 - Level 2.6 Dodging
 * Level 4.1 Unarmed Combat


You had 3 spell levels left.
You didn't know any spells.
Your spell library contained the following spells:

 Spells                   Type           Power      Damage    Failure   Level
 Corona                   Hex            0%         N/A       41%         1
 Ensorcelled Hibernation  Hex/Ice        0%         N/A       56%         2
 Confusing Touch          Hex            0%         N/A       80%         3
 Dazzling Flash           Conj/Hex       0%         N/A       80%         3
 Tukima's Dance           Hex            0%         N/A       80%         3


Dungeon Overview and Level Annotations

Branches:
Dungeon (3/15)

Altars:
Elyvilon

Shops:
D:2 :

Annotations:
D:3 Sigmund


Innate Abilities, Weirdness & Mutations

You sometimes gain a little power by taking damage.
You are partially covered in razor-sharp scales. (AC +1, Slay +1)
You are agile. (Dex +2)
You occasionally shout uncontrollably at your foes.


Message History

Something hits you but does no damage.
A kobold comes into view. It is wielding a +0 club.
Something hits you but does no damage.
The kobold shouts!
You hear some strange, mumbled words.
Your transformation is almost over.
Something hits you.
Okay, then.
You are too confused!
It was a potion of mutation.
You feel extremely strange.
You feel the urge to shout.
You feel agile.
You feel less confused. Something hits you but does no damage.
Something hits you but does no damage.
You hear some strange, mumbled words.
A puff of flame appears from out of thin air!
The puff of flame hits you but does no damage.
Something hits you.
You barely miss the kobold. The kobold barely misses you.
Something hits you but does no damage.
You smack the kobold!
You kill the kobold!
You hear some strange, mumbled words.
A puff of flame appears from out of thin air!
The puff of flame hits you.
You cannot move.
Something hits you!
* * * LOW HITPOINT WARNING * * *
You hear some strange, mumbled words.
A puff of flame appears from out of thin air!
The puff of flame hits you!
* * * LOW HITPOINT WARNING * * *
You feel less wooden.
Your +1 cloak unmelds from your body.
Your +0 helmet unmelds from your body.
Your +0 leather armour unmelds from your body.
You hear some strange, mumbled words.
Sigmund appears from thin air!
Reactivating autopickup.
Sigmund casts a spell at you. The puff of flame hits you!
You die...

#)## #..# ##.#
####.##.####.##.#
.........).......
####.###@###.#..#
# #.## ....# #..#
#...# ##@###... #
#..##..#####
#.###.##.....<#
#.....##..#####
#.......#.#
#.......#.#
#.......#.#
#....#..#.#
#....##....


You could see Sigmund.

Vanquished Creatures
  2 adders (D:2)
  A dart slug (D:1)
  3 endoplasms
  2 giant cockroaches (D:1)
  3 goblins
  6 hobgoblins
  10 jackals (D:1)
  2 quokkas (D:1)
  9 ball pythons
  3 bats
  4 frilled lizards
  10 kobolds
  7 rats
62 creatures vanquished.

Notes
Turn   | Place    | Note
-------+----------+-------------------------------------------
     0 | D:1      | Alarkh the Demonspawn Gladiator began the quest for the
                  | Orb.
     0 | D:1      | Reached XP level 1. HP: 16/16 MP: 1/1
   262 | D:1      | Reached skill level 3 in Unarmed Combat
   280 | D:1      | Gained mutation: You are partially covered in razor-sharp
                  | scales. (AC +1, Slay +1) [demonic ancestry]
   280 | D:1      | Reached XP level 2. HP: 22/22 MP: 2/2
   463 | D:1      | Found a faded altar of an unknown god.
   517 | D:1      | Reached XP level 3. HP: 28/28 MP: 3/3
  1127 | D:2      | Found Koffit's Book Emporium.
  1156 | D:2      | Reached skill level 4 in Unarmed Combat
  1462 | D:2      | Gained mutation: You sometimes gain a little power by
                  | taking damage. [demonic ancestry]
  1462 | D:2      | Reached XP level 4. HP: 34/34 MP: 4/4
  1981 | D:3      | Noticed Sigmund
  2018 | D:3      | Gained mutation: You occasionally shout uncontrollably at
                  | your foes. [potion of mutation]
  2018 | D:3      | Gained mutation: You are agile. (Dex +2) [potion of
                  | mutation]
  2033 | D:3      | Killed from afar by Sigmund

Illustrated notes

Levels and vault maps discovered:
D:1:      lemuel_arrival_cross, layout_loops_cross,
          chequers_ecumenical_altar_island, st_stairs_2, solitary_fountain,
          serial_bayou_lagoon_a, moated_statue
D:2:      layout_loops_ring, basic_altar, serial_shops,
          nicolae_shop_statue_plus, minivault_4, dk_noncrumbling_2
D:3:      layout_basic, lemuel_tele_altar, kennysheep_generic_room_8,
          uniq_sigmund, uniq_jessica

Skill      XL: |  1  2  3  4 |
---------------+-------------+-----
Unarmed Combat | 3 4 |  4.1
Fighting       | 3 |  3.0
Throwing       | |  1.7
Dodging        | |  2.6

Action                   |  1- 3 |  4- 6 || total
-------------------------+-------+-------++-------
Melee: Unarmed           |   177 |    35 ||   212
       Punch             |     3 |     1 ||     4
  Use: Potion            |     1 |     2 ||     3
Armor: Leather armour    |    54 |    13 ||    67
       Skin              |       |    21 ||    21
Dodge: Dodged            |   115 |    16 ||   131

Table legend: (Time is in decaauts)
 A = Elapsed time spent in this place.
 B = Non-inter-level travel time spent in this place.
 C = Inter-level travel time spent in this place.
 D = Time resting spent in this place.
 E = Time spent auto-exploring this place.
 F = Levels seen in this place.
 G = Mean time per level.
                   A        B        C        D        E       F      G
               +--------+--------+--------+--------+--------+-----+--------+
         Total |   2038 |   1968 |     70 |    187 |   1344 |   3 |  679.3 |
       Dungeon |   2038 |   1968 |     70 |    187 |   1344 |   3 |  679.3 |
               +--------+--------+--------+--------+--------+-----+--------+

Top non-repeatable levels by time:
     D:1: 1111 daAuts
     D:2: 853 daAuts
     D:3: 72 daAuts
